 Dungeon Crawl Stone Soup version 0.27-a0-1359-ga2a4dfd6fd (webtiles) character file.

Game seed: 11502296626431937113

960 funkygono the Magician (level 8, -2/46 HPs)
             Began as a Djinni Fire Elementalist on June 29, 2021.
             Was a Follower of Hepliaklqana.
             Slain by a wight (15 damage)
             ... on level 6 of the Dungeon.
             The game lasted 00:11:47 (6442 turns).

funkygono the Magician (Djinni Fire Elementalist)   Turns: 6442, Time: 00:11:48

Health: -2/46      AC:  8    Str:  7    XL:     8   Next: 37%
Gold:   274        EV: 13    Int: 25    God:    Hepliaklqana [*.....] SH:  0 Dex: 14

rFire    + + +     SeeInvis +   l - +0 falchion
rCold    x . .     Faith    .   (no shield)
rNeg     . . .     Spirit   .   n - +2 robe {rF+}
rPois    ∞         Reflect  .   (no helmet)
rElec    .         Harm     .   q - +2 cloak
rCorr    .         Rampage  .   p - +0 pair of gloves
Will     .....                  (boots unavailable)
Stlth    ++........             (no amulet)
HPRegen  0.15/turn              d - +6 ring of intelligence
MPRegen  0.00/turn              j - ring of see invisible

@: flying
A: reduced essence, sickness immunity, fire resistance 2, cold vulnerability 1,
float, innate caster, hp casting, extra vitality 1
a: Renounce Religion, Recall Ancestor, Ancestor Identity


You were on level 6 of the Dungeon.
You worshipped Hepliaklqana.
Hepliaklqana was aware of your devotion.
You visited 2 branches of the dungeon, and saw 7 of its levels.

You collected 274 gold pieces.

Inventory:

Hand Weapons
 b - a +0 short sword
 l - a +0 falchion (weapon)
 s - a +0 great sword
Armour
 a - a +1 robe
 e - a +0 leather armour
 n - a +2 robe of fire resistance (worn)
 o - a +1 scale mail of fire resistance
 p - a +0 pair of gloves (worn)
 q - a +2 cloak (worn)
Jewellery
 d - a +6 ring of intelligence (left hand)
 j - a ring of see invisible (right hand)
 x - a +6 ring of dexterity
Wands
 v - a wand of iceblast (4)
Scrolls
 c - 3 scrolls of teleportation
 r - a scroll of vulnerability
 w - a scroll of enchant weapon {unknown}
Potions
 f - a potion of curing {unknown}
 g - a potion of berserk rage {unknown}
 h - a potion of lignification
 i - a potion of attraction
 k - a potion of cancellation {unknown}
 m - a potion of degeneration {unknown}
 t - a potion of invisibility
 u - 3 potions of brilliance {unknown}


   Skills:
 + Level 1.2 Fighting
 + Level 3.6 Dodging
 - Level 1.5 Stealth
 + Level 7.0 Spellcasting


You couldn't memorise any spells.
You knew the following spells:

 Your Spells              Type           Power      Damage    Failure   Level
a - Foxfire               Conj/Fire      100%       2x1d9     1%          1
b - Conjure Flame         Conj/Fire      43%        6-21      1%          3
c - Inner Flame           Hex/Fire       43%        N/A       1%          3
d - Sticky Flame          Conj/Fire      43%        2d6       3%          4
e - Fireball              Conj/Fire      21%        3d10      11%         5
f - Corona                Hex            47%        N/A       1%          1
g - Static Discharge      Conj/Air       43%        N/A       1%          2
h - Poisonous Vapours     Pois/Air       86%        N/A       1%          2
Your spell library was empty.

Dungeon Overview and Level Annotations

Branches:
Dungeon (6/15)             Temple (1/1) D:4

Altars:
Dithmenos
Elyvilon
Fedhas
Gozag
Hepliaklqana
Makhleb
Nemelex Xobeh
Okawaru
Qazlal
Ru
Sif Muna
Trog
Uskayaw
Vehumet
Wu Jian
Xom
Yredelemnul


Innate Abilities, Weirdness & Mutations

Your life essence is reduced to manifest your ancestor. (-10% HP)
You are immune to sickness and miasma.
You are immune to poison.
Your flesh is very heat resistant. (rF++)
You are vulnerable to cold. (rC-)
You float through the air rather than walking.
You learn spells naturally, not from books.
Your magical power is your life essence.
You have superior vitality. (+4 HP)


Message History

Confirm with . or Enter, or press ? or * to list all spells.
Aiming: Sticky Flame (dangerous; 3% risk of failure)
Press: ? - help, Shift-Dir - straight line, f - wight
Aim: a wight, wielding a +2 long sword and wearing a +0 robe (100% to hit)
The sticky flame hits the wight but does no damage.
The wight is covered in liquid flames!
The wight burns!
The wight hits you with a +2 long sword!
Unknown command.
The wight burns!
The wight burns!
The wight stops burning.
The wight barely misses you.
There is an open door here.
Servius hits the wight.
Servius hits the wight but does no damage.
Casting: Sticky Flame (dangerous; 3% risk of failure)
Confirm with . or Enter, or press ? or * to list all spells.
You conjure some foxfire!
Casting: Foxfire (safe; 1% risk of failure)
Confirm with . or Enter, or press ? or * to list all spells.
You conjure some foxfire!
The foxfire hits the wight but does no damage.
The wight is heavily damaged.
The foxfire hits the wight but does no damage.
The wight is heavily damaged.
The wight hits you with a +2 long sword.
Casting: Foxfire (safe; 1% risk of failure)
Confirm with . or Enter, or press ? or * to list all spells.
Aiming: Sticky Flame (dangerous; 3% risk of failure)
Press: ? - help, Shift-Dir - straight line, f/p - wight
Aim: a wight, wielding a +2 long sword and wearing a +0 robe (heavily damaged, ally target, 100% to hit)
The sticky flame hits the wight!
You destroy the wight!
* * * LOW HITPOINT WARNING * * *
The foxfire hits the wight but does no damage.
The wight is moderately damaged.
The foxfire hits the wight but does no damage.
The wight is moderately damaged.
The wight completely misses you.
Servius barely misses the wight.
Your Spellcasting skill increases to level 7!
The wight hits you from afar with a +4 halberd!
You die...

....>..#.....#.....#
.......'.....+.....#
.......#.....#...).#
.......#.....#.....#
.####..##+##'#.....#
#########..##.#.R....###
...#..<#......'.z....#
...#...#......#..§...#
...#...#......#.@§...#
...#...#......#......#
..##...######'#......#
..##.(.####...########
...................#
...................#
...................#
...................#
...................+


You could see the friendly Servius the ancestor and a wight (ally target).

Vanquished Creatures
  Grinder (D:3)
  Sigmund (D:3)
  2 wights (D:6)
  A centaur skeleton (D:5)
  A centaur zombie (D:4)
  An orc priest (D:3)
  3 hounds
  A jelly (D:4)
  Jessica (D:2)
  Natasha (thrice) (D:2)
  A hound skeleton (D:4)
  3 gnolls (D:3)
  5 adders
  A shadow imp (D:5)
  An adder skeleton (D:5)
  A worm (D:3)
  2 dart slugs
  12 orcs
  9 ball pythons
  13 bats
  5 endoplasms
  6 giant cockroaches
  8 goblins
  5 hobgoblins
  6 jackals
  6 kobolds
  2 quokkas
  2 rats (D:1)
103 creatures vanquished.

Vanquished Creatures (others)
  338 foxfires
  4 toadstools (D:1)
342 creatures vanquished.

Grand Total: 445 creatures vanquished

Notes
Turn   | Place    | Note
-------+----------+-------------------------------------------
     0 | D:1      | funkygono the Djinni Fire Elementalist began the quest for
                  | the Orb.
     0 | D:1      | Reached XP level 1. HP: 15/15 MP: 0/0
   108 | D:1      | Found a faded altar of an unknown god.
   117 | D:1      | Reached XP level 2. HP: 15/21 MP: 0/0
   537 | D:1      | Reached skill level 3 in Spellcasting
   658 | D:1      | Reached XP level 3. HP: 25/25 MP: 0/0
   658 | D:1      | Learned a level 1 spell: Corona
  1556 | D:2      | Noticed Natasha
  1561 | D:2      | Killed Natasha
  1562 | D:2      | Reached XP level 4. HP: 18/31 MP: 0/0
  1948 | D:2      | Noticed Natasha
  1958 | D:2      | Killed Natasha
  2034 | D:2      | Noticed Jessica
  2035 | D:2      | Noticed Natasha
  2038 | D:2      | Killed Jessica
  2039 | D:2      | Reached skill level 4 in Spellcasting
  2039 | D:2      | Reached XP level 5. HP: 32/36 MP: 0/0
  2039 | D:2      | Learned a level 2 spell: Static Discharge
  2049 | D:2      | Killed Natasha
  2601 | D:3      | Found a burning altar of Makhleb.
  2957 | D:3      | Reached XP level 6. HP: 35/41 MP: 0/0
  3113 | D:3      | Noticed Grinder
  3136 | D:3      | Killed Grinder
  3137 | D:3      | Reached skill level 5 in Spellcasting
  3137 | D:3      | Reached XP level 7. HP: 30/46 MP: 0/0
  3137 | D:3      | Learned a level 2 spell: Poisonous Vapours
  4022 | D:3      | Noticed Sigmund
  4046 | D:3      | Reached skill level 1 in Fighting
  4116 | D:3      | Killed Sigmund
  4117 | D:3      | Reached skill level 6 in Spellcasting
  4720 | D:4      | Found a hide-covered altar of Uskayaw.
  4831 | D:4      | Reached XP level 8. HP: 51/52 MP: 0/0
  5075 | D:4      | Found a staircase to the Ecumenical Temple.
  5211 | Temple   | Entered the Ecumenical Temple
  5282 | Temple   | Became a worshipper of Hepliaklqana the Forgotten
  5635 | D:5      | Entered Level 5 of the Dungeon
  6028 | D:5      | Reached * piety under Hepliaklqana
  6442 | D:6      | Reached skill level 7 in Spellcasting
  6442 | D:6      | Slain by a wight

Illustrated notes

Levels and vault maps discovered:
D:1:      ldierk_water_garden, layout_loops_ring,
          hellmonk_ecumenical_altar_dog_temple
D:2:      layout_loops_corners, uniq_natasha, uniq_jessica
D:3:      minmay_razor_zed, layout_basic, lemuel_doored_altar,
          serial_co_window_serial, co_window_corner_a, co_window_paths_a,
          co_window_paths_b, co_window_paths_a, co_window_paths_b,
          co_window_paths_a, co_window_corner_a, co_window_corner_a,
          co_window_of_opportunity_a, co_window_2corner, glass_columns_b,
          uniq_sigmund, uniq_grinder
D:4:      layout_rooms, nicolae_uskayaw_murder_on_the_dancefloor,
          minmay_temple_entry_hall
D:5:      layout_cave_pools, kennysheep_big_empty_room
D:6:      layout_gridville, uniq_maggie
Temple:   minmay_freezing_vapour_temple

Skill      XL: |  1  2  3  4  5  6  7  8 |
---------------+-------------------------+-----
Spellcasting   | 3 4 5 6 7 |  7.0
Dodging        | 3 |  3.6
Fighting       | 1 |  1.2
Stealth        | |  1.5

Action                   |  1- 3 |  4- 6 |  7- 9 || total
-------------------------+-------+-------+-------++-------
Melee: Falchion          |       |       |    19 ||    19
 Cast: Foxfire           |    66 |    56 |    81 ||   203
       Sticky Flame      |       |     3 |     4 ||     7
       Poisonous Vapours |       |       |    16 ||    16
Invok: Ancestor Identity |       |       |     1 ||     1
  Use: Scroll            |     2 |     4 |     6 ||    12
       Potion            |       |     1 |       ||     1
Armor: Robe              |     5 |     3 |     5 ||    13
Dodge: Dodged            |    16 |    15 |    20 ||    51
       Rpst.: Falchion   |       |       |     6 ||     6

Table legend: (Time is in decaauts)
 A = Elapsed time spent in this place.
 B = Non-inter-level travel time spent in this place.
 C = Inter-level travel time spent in this place.
 D = Time resting spent in this place.
 E = Time spent auto-exploring this place.
 F = Levels seen in this place.
 G = Mean time per level.
                   A        B        C        D        E       F      G
               +--------+--------+--------+--------+--------+-----+--------+
         Total |   6444 |   6161 |    283 |    258 |   5108 |   7 |  920.6 |
       Dungeon |   6367 |   6089 |    278 |    258 |   5108 |   6 | 1061.2 |
        Temple |     76 |     71 |      5 |      0 |      0 |   1 |   76.0 |
               +--------+--------+--------+--------+--------+-----+--------+

Top non-repeatable levels by time:
     D:3: 2098 daAuts
     D:2: 1288 daAuts
     D:1: 1264 daAuts
     D:4: 909 daAuts
     D:5: 673 daAuts
     D:6: 133 daAuts
  Temple: 76 daAuts
